Map: Heavy Artillery LE

Players

Massa - Winner!

  • Race: Terran Terran
  • League: Gold
  • Spawn Location: 3:00

qqq - Winner!

  • Race: Zerg Zerg
  • League: Platinum
  • Spawn Location: 1:00

ZoinX

  • Race: Protoss Protoss
  • Spawn Location: 7:00

Serious

  • Race: Zerg Zerg
  • Spawn Location: 7:00

VOD

Have the link to the VOD?

Description

Time

  • Played on: July 26, 2020, 8:21 a.m.
  • Length: 13:25
Show
View Real Time Build Order
Export as new Build Order

Massa Terran - Winner!

Build Orders:  

Get SALT Encoding   

  12  0:03  SCV  
  13  0:18  SCV  
  13  0:21  Supply Depot  
  14  0:30  SCV  
  15  0:42  SCV  
  16  0:44  Barracks  
  16  0:52  Refinery  
  16  0:54  SCV  
  17  1:06  SCV  
  18  1:18  SCV  
  19  1:31  SCV  
  20  1:41  Reaper  
  20  1:46  Barracks  
  21  1:50  Supply Depot  
  21  1:59  Orbital Command  
  21  2:12  Command Center  
  21  2:14  Reaper  
  21  2:34  Supply Depot  
  21  2:49  Marine x2  
  22  3:07  Marine x2  
  24  3:15  SCV, Factory  
  25  3:24  Marine  
  25  3:25  Marine  
  28  3:27  SCV x2  
  28  3:39  SCV  
  28  3:40  SCV  
  30  3:42  Marine  
  30  3:43  Marine  
  32  3:49  Supply Depot  
  32  3:51  SCV  
  32  3:52  SCV  
  34  4:00  Marine x2  
  34  4:02  Factory Tech Lab  
  36  4:03  Supply Depot  
  36  4:12  SCV  
  37  4:18  Marine x2  
  37  4:20  SCV  
  37  4:22  Barracks  
  40  4:24  SCV  
  41  4:32  SCV, Bunker  
  41  4:36  Marine x2  
  41  4:53  Marine  
  41  4:54  Marine  
  43  5:02  Siege Tank  
  43  5:06  SCV x2  
  48  5:11  Marine  
  48  5:12  Marine  
  50  5:18  SCV x2  
  52  5:22  Marine  
  53  5:29  Marine x2  
  53  5:30  SCV x2  
  53  5:34  Siege Tank  
  58  5:40  Marine  
  58  5:42  SCV  
  58  5:47  Marine x2  
  54  5:58  Marine  
  51  6:05  Marine x2  
  52  6:18  Barracks Tech Lab  
  52  6:23  Command Center  
  52  6:24  Siege Tank  
  55  6:27  Orbital Command  
  55  6:36  Barracks  
  55  6:41  Barracks Tech Lab  
  54  7:00  Marauder  
  54  7:01  Marauder, Marine  
  54  7:19  Marine  
  54  7:22  Marauder x2  
  59  7:37  Marine  
  59  7:43  Marauder x2  
  59  7:50  Stimpack  
  59  7:54  Marine  
  60  8:02  SCV x2  
  60  8:05  Marauder x2  
  61  8:12  Marine  
  60  8:13  Marine  
  60  8:14  SCV x2, Command Center  
  63  8:25  Marine  
  63  8:26  SCV, Marine  
  63  8:27  SCV  
  63  8:32  Barracks Reactor  
  63  8:38  SCV  
  63  8:39  SCV  
  63  8:40  Barracks Reactor  
  58  8:44  Marauder x2  
  58  8:45  Refinery  
  62  8:50  SCV  
  62  8:51  SCV  
  62  8:52  Orbital Command  
  65  9:02  SCV  
  65  9:03  SCV  
  65  9:05  Marauder x2  
  65  9:08  Widow Mine  
  72  9:11  Refinery  
  72  9:15  SCV x2  
  71  9:27  SCV x2, Marauder x2  
  71  9:29  Widow Mine, Engineering Bay  
  79  9:32  Armory  
  79  9:37  Marine  
  79  9:38  Marine x3  
  83  9:46  Refinery  
  83  9:47  Refinery  
  83  9:48  Marauder, Marine  
  86  9:54  Combat Shield  
  86  9:55  Marine  
  86  9:56  Marine x3  
  86  9:57  Command Center, Concussive Shells  
  86  9:58  Engineering Bay  
  86  9:59  SCV x2  
  92  10:08  Supply Depot  
  92  10:09  Supply Depot  
  92  10:10  Supply Depot  
  92  10:11  Supply Depot x3  
  92  10:12  Supply Depot  
  92  10:13  Refinery, Supply Depot  
  92  10:14  Refinery  
  92  10:15  Supply Depot  
  92  10:29  Marine x4  
  92  10:30  Widow Mine, SCV x2  
  92  10:31  SCV x2, Marine x2  
  92  10:32  Terran Infantry Weapons Level 1  
  92  10:33  Terran Infantry Armor Level 1, Supply Depot  
  92  10:35  Supply Depot x2  
  104  10:37  Supply Depot  
  104  10:38  Missile Turret, Supply Depot  
  104  10:41  Supply Depot  
  104  10:47  Marine x4  
  104  10:48  Orbital Command  
  104  10:49  Marine x2  
  110  10:51  Widow Mine  
  112  10:58  Missile Turret  
  112  11:05  Marine x4  
  112  11:06  Marine x2  
  118  11:12  Thor  
  118  11:14  Missile Turret  
  124  11:18  Missile Turret  
  124  11:23  Marine x4  
  124  11:25  Marauder x2  
  132  11:34  Missile Turret  
  132  11:35  Barracks  
  132  11:39  Missile Turret  
  132  11:41  Marine x4  
  132  11:46  Marauder x2  
  109  11:56  Missile Turret  
  109  11:59  Marine x2  
  109  12:00  Marine  
  109  12:01  Marine  
  99  12:02  Thor  
  99  12:07  Marauder x2  
  91  12:16  Marine x2  
  91  12:18  Marine x2  
  91  12:22  Barracks  
  93  12:28  Marine  
  93  12:29  Marauder  
  92  12:34  Barracks Reactor, Marine x2  
  92  12:36  Marine x2  
  96  12:38  Starport  
  96  12:41  Starport  
  96  12:46  Marine  
  96  12:50  Marine  
  104  12:52  Marine x2  
  104  12:53  Marine  
  104  12:54  Marine  
  108  13:04  Marine  
Show
View Real Time Build Order
Export as new Build Order

qqq Zerg - Winner!

Build Orders: Hatch First 

Get SALT Encoding   

  12  0:02  Drone  
  13  0:13  Drone  
  14  0:36  Hatchery  
  13  0:54  Spawning Pool  
  12  1:00  Overlord  
  12  1:02  Drone  
  13  1:07  Drone  
  14  1:19  Extractor  
  14  1:20  Drone  
  14  1:32  Drone  
  15  1:43  Queen  
  15  1:44  Drone  
  18  1:48  Queen  
  18  1:50  Drone  
  18  1:53  Drone  
  22  2:01  Drone  
  23  2:05  Drone  
  24  2:13  Drone  
  24  2:15  Zergling x2  
  26  2:16  Drone  
  27  2:24  Overlord  
  27  2:35  Drone  
  28  2:40  Overlord  
  28  2:45  Drone  
  28  2:46  Drone  
  30  3:01  Drone  
  30  3:02  Roach Warren, Zergling x2  
  30  3:03  Metabolic Boost  
  31  3:06  Drone x2  
  31  3:08  Zergling x2  
  31  3:10  Drone  
  35  3:18  Drone  
  35  3:19  Drone  
  37  3:22  Drone  
  37  3:26  Spine Crawler  
  37  3:27  Drone  
  37  3:28  Drone  
  39  3:34  Extractor  
  39  3:35  Zergling x2  
  39  3:40  Spine Crawler  
  38  3:43  Roach x2  
  38  3:46  Roach  
  44  3:52  Overlord  
  44  4:06  Overlord  
  44  4:07  Overlord x3  
  44  4:10  Drone  
  44  4:15  Lair  
  45  4:25  Roach  
  45  4:27  Roach x2  
  45  4:29  Drone  
  51  4:44  Roach x2  
  51  4:45  Roach  
  57  4:52  Roach x4  
  63  4:53  Drone  
  63  4:56  Drone  
  64  5:21  Roach x3  
  70  5:41  Hatchery  
  61  6:02  Roach  
  61  6:03  Drone, Roach x4  
  61  6:04  Drone x5  
  69  6:14  Roach  
  69  6:15  Roach  
  73  6:29  Drone x2  
  73  6:30  Overlord  
  75  6:37  Hatchery  
  74  6:45  Hatchery  
  65  7:11  Hydralisk Den  
  65  7:13  Roach  
  65  7:14  Roach x3  
  65  7:15  Roach x3  
  78  7:17  Drone x2  
  78  7:18  Roach x3  
  86  7:31  Evolution Chamber  
  86  7:32  Evolution Chamber  
  86  7:33  Drone  
  86  7:37  Glial Reconstitution  
  85  7:40  Infestation Pit  
  84  7:47  Roach x3  
  84  7:49  Overlord  
  84  7:50  Drone x4  
  84  8:24  Hydralisk x4  
  84  8:25  Hydralisk x2  
  94  8:27  Drone x5  
  94  8:28  Drone x4  
  103  8:41  Hydralisk  
  99  8:42  Roach  
  99  8:43  Roach x2  
  87  9:09  Hydralisk  
  83  9:10  Roach x4  
  83  9:11  Drone x5  
  83  9:12  Drone x3  
  99  9:19  Drone  
  99  9:21  Overlord  
  99  9:22  Overlord x2  
  96  9:34  Drone  
  96  9:36  Extractor  
  96  9:37  Zerg Melee Weapons Level 1  
  92  9:41  Roach  
  92  9:44  Drone x4  
  92  9:45  Drone x3  
  97  9:47  Spore Crawler x2  
  97  9:48  Extractor  
  97  9:50  Extractor, Spore Crawler  
  97  9:51  Drone  
  97  9:52  Drone  
  94  9:54  Extractor  
  94  9:55  Hydralisk, Roach x2  
  94  9:57  Zergling x2  
  100  10:02  Hatchery  
  100  10:03  Overlord  
  100  10:04  Overlord  
  99  10:09  Grooved Spines  
  99  10:11  Hatchery  
  98  10:15  Hatchery  
  98  10:16  Hatchery  
  98  10:18  Hatchery  
  95  10:40  Drone  
  95  10:41  Drone x8  
  95  10:42  Extractor  
  103  10:45  Hive  
  103  10:49  Zergling x2  
  105  10:50  Zergling x2, Roach  
  105  10:54  Drone x2  
  105  10:55  Drone  
  110  11:00  Hydralisk x2  
  110  11:02  Zergling x4  
  110  11:03  Drone x3  
  119  11:13  Hydralisk x3  
  119  11:15  Drone x3  
  128  11:19  Extractor  
  128  11:20  Muscular Augments  
  128  11:21  Extractor  
  128  11:24  Hydralisk x2  
  130  11:28  Hydralisk  
  130  11:31  Roach x2  
  131  11:55  Hydralisk x6  
  138  12:18  Hydralisk x4  
  138  12:19  Hydralisk x3  
  138  12:21  Drone x3  
  138  12:22  Drone x7  
  158  12:23  Drone  
  149  12:42  Ultralisk Cavern  
  144  12:59  Hydralisk x2  
  144  13:00  Hydralisk x5  
  144  13:01  Zergling x4  
  144  13:02  Drone, Zergling x6  
  144  13:03  Drone x8  
  144  13:04  Drone x5  
  177  13:07  Overlord  
Show
View Real Time Build Order
Export as new Build Order

ZoinX Protoss 

Build Orders:  

Get SALT Encoding   

  12  0:02  Probe  
  13  0:14  Probe  
  13  0:18  Pylon  
  14  0:26  Probe  
  15  0:39  Gateway  
  15  0:50  Probe  
  16  0:58  Probe  
  16  1:03  Gateway  
  17  1:08  Probe  
  18  1:13  Assimilator  
  18  1:16  Assimilator  
  18  1:20  Probe  
  19  1:29  Cybernetics Core  
  19  1:35  Pylon  
  19  1:52  Probe  
  20  1:59  Warp Gate  
  20  2:08  Forge  
  20  2:12  Probe  
  21  2:20  Pylon  
  21  2:24  Probe  
  22  2:36  Probe  
  23  2:48  Probe  
  24  2:57  Nexus  
  24  3:03  Stalker  
  26  3:11  Probe  
  27  3:20  Stalker  
  27  3:23  Probe  
  30  3:37  Stalker  
  30  3:38  Probe  
  33  4:04  Stargate  
  33  4:09  Stalker  
  35  4:24  Stalker  
  33  4:58  Probe  
  34  5:03  Pylon  
  32  5:25  Stalker x2  
  36  5:30  Void Ray  
  40  6:13  Stalker x2  
  40  6:16  Probe  
  46  6:18  Probe  
  46  6:28  Probe  
  46  6:30  Probe  
  46  6:31  Photon Cannon  
  48  6:40  Probe  
  48  6:42  Photon Cannon  
  39  7:03  Stalker x2  
  39  7:06  Void Ray  
  47  7:21  Stargate  
  47  7:22  Probe x2  
  49  7:27  Stalker x2  
  53  7:34  Probe x2  
  53  7:48  Void Ray  
  53  7:51  Stalker  
  59  7:52  Stalker  
  37  8:32  Stalker  
  37  8:33  Stalker  
  35  8:51  Void Ray x2  
  39  9:34  Void Ray x2  
  43  9:53  Probe  
  43  9:54  Probe  
  45  10:01  Probe  
  45  10:02  Probe  
  47  10:11  Probe x2, Protoss Shields Level 1  
  47  10:14  Stalker x2  
  50  10:15  Photon Cannon  
  53  10:21  Assimilator  
  53  10:23  Probe, Assimilator  
  53  10:24  Probe, Protoss Air Weapons Level 1  
  53  10:28  Void Ray  
  59  10:35  Probe  
  60  10:36  Probe  
  61  10:59  Probe  
  62  11:20  Nexus  
  62  11:23  Pylon  
  62  11:26  Assimilator  
  62  11:30  Assimilator  
  62  11:32  Pylon  
  62  11:36  Fleet Beacon  
  62  11:40  Twilight Council  
  62  11:41  Probe x2, Void Ray  
  68  11:49  Void Ray  
  68  11:53  Probe  
  24  12:59  Stalker x2  
Show
View Real Time Build Order
Export as new Build Order

Serious Zerg 

Build Orders: Hatch First, Zergling Baneling 

Get SALT Encoding   

  12  0:01  Drone  
  13  0:13  Overlord  
  13  0:17  Drone  
  14  0:31  Drone x2  
  16  0:38  Drone  
  17  0:55  Hatchery  
  16  0:58  Drone  
  16  1:00  Drone  
  16  1:03  Extractor  
  17  1:17  Spawning Pool  
  16  1:21  Drone  
  16  1:23  Drone  
  18  1:30  Drone  
  19  1:39  Drone  
  20  1:49  Overlord  
  20  2:05  Queen  
  20  2:07  Metabolic Boost  
  22  2:09  Queen  
  22  2:11  Drone  
  22  2:12  Drone  
  22  2:15  Drone  
  27  2:27  Baneling Nest  
  26  2:35  Zergling x8  
  30  2:51  Zergling x6  
  33  3:08  Overlord x2  
  33  3:28  Zergling x16  
  41  3:40  Lair  
  41  3:44  Extractor  
  41  3:47  Extractor  
  39  3:49  Zergling x8  
  39  3:53  Baneling x5  
  43  4:01  Zergling x2  
  43  4:02  Zergling x8  
  48  4:23  Baneling x2  
  48  4:24  Baneling x2  
  38  4:40  Zergling x8  
  38  4:41  Zergling x14  
  41  4:52  Baneling x2  
  40  4:53  Baneling x4  
  40  5:00  Drone x3  
  40  5:03  Drone  
  37  5:36  Baneling x2  
  37  5:37  Baneling x5  
  31  6:01  Zergling x22  
  39  6:16  Hatchery  
  38  6:25  Queen  
  38  6:30  Centrifical Hooks  
  40  6:33  Baneling x5  
  40  6:36  Drone x3  
  41  6:44  Zergling x4  
  35  6:58  Zergling x2  
  35  6:59  Zergling x10  
  40  7:11  Baneling x3  
  39  7:20  Drone  
  39  7:21  Drone x6  
  44  7:25  Baneling  
  44  7:26  Baneling x5  
  44  7:28  Zergling x4  
  45  7:52  Overlord x3  
  41  8:10  Zergling x2  
  41  8:11  Zergling x20  
  50  8:25  Zergling x4  
  39  8:49  Drone x6  
  45  8:59  Hatchery  
  45  9:02  Evolution Chamber  
  41  9:03  Infestation Pit  
  41  9:08  Drone x7, Extractor  
  41  9:09  Evolution Chamber  
  45  9:25  Hydralisk Den  
  44  9:31  Zergling x2  
  44  9:32  Zergling x14  
  44  9:38  Zerg Melee Weapons Level 1  
  52  9:39  Zerg Ground Armor Level 1  
  52  9:41  Hive  
  52  9:54  Drone x2  
  52  9:55  Drone x4  
  52  9:57  Baneling x2  
  52  9:58  Baneling x6  
  52  9:59  Baneling  
  58  10:06  Extractor  
  57  10:07  Extractor  
  56  10:17  Spore Crawler  
  56  10:20  Drone x7  
  62  10:25  Queen  
  64  10:45  Drone  
  64  10:47  Overlord x4  
  65  11:03  Spore Crawler  
  64  11:04  Ultralisk Cavern  
  64  11:05  Drone  
  64  11:06  Drone x10  
  74  11:23  Infestor  
  74  11:24  Infestor x4  
  84  11:30  Spore Crawler  
  83  11:35  Spine Crawler  
  83  11:37  Spine Crawler  
  67  11:56  Zergling x22  
  66  12:12  Zergling x2  
  66  12:13  Zergling x4  
  69  12:18  Hatchery  
  60  12:32  Zergling x2  
  60  12:33  Zergling x6  
  50  13:03  Zergling x10  
Tags
 
Add a new tag
Caveats
  • Supply blocks, unpowered buildings, or Contaminate may cause inaccurate times.
  • Supply counts are checked every 10 seconds.